 Dungeon Crawl Stone Soup version 0.23-a0-636-g0ff6057 (webtiles) character file.

51 Matador8 the Conjurer (level 3, -1/26 HPs)
             Began as a Draconian Conjurer on Dec 28, 2018.
             Slain by an orc warrior
             ... wielding a +0 battleaxe
              (27 damage)
             ... on level 1 of the Dungeon.
             The game lasted 00:09:25 (1249 turns).

Matador8 the Conjurer (Draconian Conjurer)          Turns: 1249, Time: 00:09:26

Health: -1/26      AC:  5    Str: 10    XL:     3   Next: 57%
Magic:  4/7        EV: 12    Int: 16    God:
Gold:   51         SH:  0    Dex: 11    Spells: 5/8 levels left

rFire    . . .     SeeInvis .   e - +0 short sword
rCold    . . .     Gourm    .   (no shield)
rNeg     . . .     Faith    .   (armour unavailable)
rPois    .         Spirit   .   (helmet restricted)
rElec    .         Reflect  .   (no cloak)
rCorr    .         Harm     .   (no gloves)
MR       .....                  (no boots)
Stlth    ++........             (no amulet)
HPRegen  0.08/turn              (no ring)
MPRegen  0.10/turn              (no ring)

@: no status effects
A: unfitting armour, cold-blooded, AC +5
a: no special abilities


You were on level 1 of the Dungeon.
You were hungry.

You visited 1 branch of the dungeon, and saw 2 of its levels.

You collected 51 gold pieces.

Inventory:

Hand Weapons
 e - a +0 short sword (weapon)
Missiles
 a - 3 curare-tipped needles
Scrolls
 c - a scroll of teleportation {unknown}
 d - 2 scrolls of identify {unknown}
 h - a scroll of remove curse {unknown}
 i - a scroll of amnesia {unknown}
Potions
 g - a potion of haste {unknown}
 j - 2 potions of curing {unknown}
 k - a potion of flight {unknown}
Comestibles
 b - 3 rations
 f - a chunk of flesh


   Skills:
 - Level 1.7 Dodging
 - Level 1.7 Stealth
 + Level 3.0 Spellcasting
 + Level 4.7 Conjurations


You had 5 spell levels left.
You knew the following spells:

 Your Spells              Type           Power        Failure   Level  Hunger
a - Magic Dart            Conj           ###.         2%          1    #......
b - Searing Ray           Conj           ###...       4%          2    ##.....

Your spell library contained the following spells:

 Spells                   Type           Power        Failure   Level  Hunger
 Dazzling Spray           Conj/Hex       #.....       22%         3    ###....
 Iskenderun's Mystic Bla  Conj           ###.....     26%         4    #####..
 Force Lance              Conj/Tloc      #.......     56%         4    #####..
 Fulminant Prism          Conj/Hex       #.........   56%         4    #####..


Dungeon Overview and Level Annotations

Branches:
Dungeon (2/15)

Altars:

Annotations:
D:2 Sigmund


Innate Abilities, Weirdness & Mutations

Your plain brown scales are hard. (AC +5)
You cannot fit into any form of body armour.
You are cold-blooded and may be slowed by cold attacks.


Message History

Casting: Magic Dart (safe; 2% risk of failure)
Confirm with . or Enter, or press ? or * to list all spells.
Aiming: Magic Dart (safe; 2% risk of failure)
Press: ? - help, Shift-Dir - straight line, f/p - orc warrior
Aim: an orc warrior, wielding a +0 battleaxe and wearing a +0 plate armour The magic dart hits the orc warrior.
The orc warrior is heavily wounded.
The orc warrior hits you but does no damage.
The orc warrior barely misses you.
There is a stone staircase leading down here.
Casting: Magic Dart (safe; 2% risk of failure)
Confirm with . or Enter, or press ? or * to list all spells.
Aiming: Magic Dart (safe; 2% risk of failure)
Press: ? - help, Shift-Dir - straight line, f/p - orc warrior
Aim: an orc warrior, wielding a +0 battleaxe and wearing a +0 plate armour The magic dart hits the orc warrior.
The orc warrior is heavily wounded.
The orc warrior hits you with a +0 battleaxe!!
Ouch! That really hurt!
You die...

#### #...... #..##### #######
#......
#......######.....####......
#.####......#...............
#.# ##............###......
#.#####...........## #####.#
#....##...........########.#
#.........#.#...........##.#
##........o@..........#..#..
#...########...............
#..## #####..........#
##.####### ##.....##....#
###.##....#####...)...##...#
#.....................#>...#
###.##........#.....)......#
####.##........##.....##.#..#
#.....#.....................#


You could see an orc warrior.

Vanquished Creatures
  2 adders (D:2)
  A dart slug (D:1)
  An orc (D:1)
  6 bats (D:1)
  3 giant cockroaches
  3 hobgoblins (D:1)
  3 kobolds
  A ball python (D:1)
  4 frilled lizards (D:1)
  3 goblins (D:1)
  2 rats (D:1)
29 creatures vanquished.

Notes
Turn   | Place    | Note
-------+----------+-------------------------------------------
     0 | D:1      | Matador8 the Draconian Conjurer began the quest for the
                  | Orb.
     0 | D:1      | Reached XP level 1. HP: 14/14 MP: 3/3
   286 | D:1      | Reached XP level 2. HP: 16/20 MP: 3/5
   290 | D:1      | Learned a level 2 spell: Searing Ray
   941 | D:2      | Noticed an orc warrior
   952 | D:1      | Reached XP level 3. HP: 25/26 MP: 1/7
  1098 | D:2      | Noticed Sigmund
  1249 | D:1      | Slain by an orc warrior

Vault maps used:
D:1:      lemuel_arrival_lava_pool
D:2:      minmay_lizard_king, uniq_robin, uniq_sigmund, uniq_crazy_yiuf_cottage

Skill      XL: |  1  2  3 |
---------------+----------+-----
Spellcasting   | 3 |  3.0
Dodging        | |  1.7
Stealth        | |  1.7
Conjurations   | |  4.7

Action                   || total
-------------------------++-------
Melee: Unarmed           ||    22
       Tailslap          ||     2
       Short sword       ||    18
 Cast: Magic Dart        ||    59
       Searing Ray       ||     1
  Eat: Chunk             ||     1
Armor: Skin              ||    50
Dodge: Dodged            ||    99

Table legend:
 A = Non-vault XP
 B = Vault XP
 C = Vault XP percentage of total XP
 D = Non-vault monster count
 E = Vault monster count
 F = Vault count percentage of total count
                 A         B        C        D         E       F
            +---------+---------+-------+---------+---------+-------
      Total |      73 |       0 |   0.0 |      29 |       0 |   0.0
            +---------+---------+-------+---------+---------+-------
        D:1 |      43 |       0 |   0.0 |      25 |       0 |   0.0
        D:2 |      30 |       0 |   0.0 |       4 |       0 |   0.0
            +---------+---------+-------+---------+---------+-------
